 Dungeon Crawl Stone Soup version 0.29.1-1-gd02db69 (webtiles) character file.

Game seed: 12504926647579252807

240 Dorkslayer the Trooper (level 6, -14/53 HPs)
             Began as a Hill Orc Fighter on Oct 18, 2022.
             Killed by divine providence
             ... invoked by an orc priest
              (15 damage)
             ... on level 4 of the Dungeon.
             The game lasted 00:04:41 (2768 turns).

Dorkslayer the Trooper (Hill Orc Fighter)           Turns: 2768, Time: 00:04:42

Health: -14/53     AC:  0    Str: 21    XL:     6   Next: 8%
Magic:  6/6        EV:  7    Int:  8    God:
Gold:   204        SH:  4    Dex: 10    Spells: 5/5 levels left

rFire   . . .      SeeInvis .   a - +1 long sword
rCold   . . .      Faith    .   c - +0 buckler
rNeg    + . .      Spirit   .   m - +0 chain mail
rPois   .          Reflect  .   (no helmet)
rElec   .          Harm     .   (no cloak)
rCorr   .          Rampage  .   (no gloves)
Will    .....                   h - +1 pair of boots
Stlth   ..........              (no amulet)
HPRegen 0.17/turn               e - ring of positive energy
MPRegen 0.10/turn               (no ring)

@: corroded
A: no striking features
a: Convert to Beogh


You were on level 4 of the Dungeon.
You visited 1 branch of the dungeon, and saw 4 of its levels.

You collected 204 gold pieces.

Inventory:

Hand Weapons
 a - a +1 long sword (weapon)
Missiles
 i - a silver javelin (quivered)
Armour
 b - a +0 scale mail
 c - a +0 buckler (worn)
 h - a +1 pair of boots (worn)
 m - a +0 chain mail (worn)
Jewellery
 e - a ring of positive energy (left hand)
Wands
 k - a wand of flame (19)
Scrolls
 f - a scroll of immolation
 g - a scroll of fear {unknown}
 j - a scroll of teleportation {unknown}
 l - a scroll of fog {unknown}
Potions
 d - a potion of might
 o - a potion of mutation {unknown}
 p - a potion of haste {unknown}


   Skills:
 + Level 4.7 Fighting
 + Level 4.4 Long Blades
 + Level 4.1 Armour
 * Level 1.7 Dodging
 + Level 0.1 Stealth
 + Level 3.8 Shields


You had 5 spell levels left.
You didn't know any spells.
Your spell library contained the following spells:

 Spells                   Type           Power      Damage    Failure   Level
 Stone Arrow              Conj/Erth      0%         3d7       100%        3
 Animate Armour           Summ/Erth      0%         N/A       100%        4
 Lehudib's Crystal Spear  Conj/Erth      0%         10d2      100%        8


Dungeon Overview and Level Annotations

Branches:
Dungeon (4/15)
 Temple: D:4-7

Altars:


Message History

You see here 7 gold pieces.
You slash the jelly! The acid corrodes you!
Your hands burn!
The jelly is heavily wounded.
The jelly hits you but does no damage.
You slash the jelly! The acid corrodes you!
Your hands burn!
The jelly is almost dead.
The jelly hits you but does no damage. The jelly hits you.
The acid corrodes you!
You are splashed with acid!
You hit the jelly.
Your hands burn!
The jelly is almost dead.
You block the jelly's attack.
You hit the jelly.
Your hands burn!
The jelly is almost dead.
The jelly barely misses you.
You hit the jelly but do no damage. The acid corrodes you!
Your hands burn!
The jelly is almost dead.
The jelly barely misses you.
You hit the jelly but do no damage.
Your hands burn!
* * * LOW HITPOINT WARNING * * *
The jelly is almost dead.
The jelly barely misses you. The jelly hits you.
* * * LOW HITPOINT WARNING * * *
The acid corrodes you!
You are splashed with acid!
* * * LOW HITPOINT WARNING * * *
Unknown command.
Throw: 2 javelins (silver)
Press: ? - help, Q - select action, (/) - cycle Shift-Dir - straight line, f - jelly
Aim: a jelly (almost dead, 89% to hit)
You throw a silver javelin.
The silver javelin pierces through the jelly.
You kill the jelly!
You have reached level 6!
A dart slug and a worm come into view.
The dart slug moves out of view.
An orc priest comes into view. It is wielding a +0 trident.
The orc priest shouts, "Beogh is our master!
Accept the truth or die!" (press Y on the ability menu to convert to Beogh)
The orc priest invokes the aid of Beogh against you.
Beogh smites you!
You die...

#.o .. #.#.###.#.
#.w.....w. #.#.###.#
##.#.#$#.# ..#.###.#..
#......... ############
#@#.###.#.. ....<......#
#.........!
##########.#####.#$.#..##
..#####.##..P..........
#........PPP..##.#..###
#######....††....# .#
#.....♣P......#
#...PP♣♣♣.PP#..# #..♣♣♣♣
♣.P#..#


You could see a worm, an orc priest and a dart slug.

Vanquished Creatures
  A scorpion (D:4)
  A jelly (D:4)
  Natasha (twice) (D:2)
  4 adders
  2 dart slugs (D:3)
  An orc (D:3)
  3 ball pythons
  12 endoplasms
  6 giant cockroaches
  6 hobgoblins
  7 kobolds
  3 bats
  2 frilled lizards
  2 goblins
  7 rats
59 creatures vanquished.

Vanquished Creatures (others)
  2 plants (D:4)
2 creatures vanquished.

Grand Total: 61 creatures vanquished

Notes
Turn   | Place    | Note
-------+----------+-------------------------------------------
     0 | D:1      | Dorkslayer the Hill Orc Fighter began the quest for the
                  | Orb.
     0 | D:1      | Reached XP level 1. HP: 19/19 MP: 1/1
    62 | D:1      | Found a faded altar of an unknown god.
   526 | D:1      | Reached XP level 2. HP: 20/27 MP: 2/2
   892 | D:1      | Reached XP level 3. HP: 30/33 MP: 3/3
  1015 | D:2      | Reached skill level 1 in Dodging
  1164 | D:2      | Noticed Natasha
  1172 | D:2      | Killed Natasha
  1173 | D:2      | Reached XP level 4. HP: 35/41 MP: 4/4
  1412 | D:2      | Noticed Natasha
  1419 | D:2      | Killed Natasha
  1662 | D:3      | Reached XP level 5. HP: 42/47 MP: 5/5
  2765 | D:4      | HP: 1/47 [acid (10)]
  2767 | D:4      | Reached XP level 6. HP: 1/53 MP: 6/6
  2768 | D:4      | Killed from afar by an orc priest

Illustrated notes

Levels and vault maps discovered:
D:1:      lordsloth_arrival_two_stooges, layout_basic, basic_ecumenical_altar,
          minmay_misc_feat_x
D:2:      layout_rooms, uniq_natasha
D:3:      layout_basic, corexii_item_surrounded_by_moat
D:4:      layout_loops_ring, minmay_overflow_temple_star_quad, serial_forest,
          infiniplex_forest_clump_cross, infiniplex_forest_end_2,
          infiniplex_forest_clump_cross, infiniplex_forest_lined_room_3,
          infiniplex_forest_straight_5, serial_shops,
          nicolae_shop_hallway_stairs, minmay_surrounded

Skill      XL: |  1  2  3  4  5 |
---------------+----------------+-----
Dodging        | 1 |  1.7
Fighting       | 4 |  4.7
Long Blades    | 3 4 |  4.4
Armour         | 4 |  4.1
Stealth        | |  0.1
Shields        | |  3.8

Action                   |  1- 3 |  4- 6 || total
-------------------------+-------+-------++-------
Melee: Long sword        |    87 |   105 ||   192
Throw: Javelin           |       |     1 ||     1
  Use: Scroll            |       |     9 ||     9
Armor: Scale mail        |    38 |    34 ||    72
       Chain mail        |       |    13 ||    13
Dodge: Dodged            |    60 |    40 ||   100
Block: Buckler           |    14 |    26 ||    40
